 Dungeon Crawl Stone Soup version 0.28.0-43-g3370ac3207 (webtiles) character file.

Game seed: 8748385518884849220

1626 funkygono the Magician (level 8, -5/42 HPs)
             Began as a Gargoyle Fire Elementalist on Mar 6, 2022.
             Slain by a manticore (9 damage)
             ... on level 7 of the Dungeon.
             The game lasted 00:13:32 (7512 turns).

funkygono the Magician (Gargoyle Fire Elementalist) Turns: 7512, Time: 00:13:33

Health: -5/42      AC:  8    Str: 13    XL:     8   Next: 97%
Magic:  6/18       EV: 12    Int: 17    God:
Gold:   489        SH:  5    Dex: 10    Spells: 8/20 levels left

rFire   . . .      SeeInvis .   j - +1 flail (freeze)
rCold   . . .      Faith    .   (no shield)
rNeg    + + .      Spirit   .   a - +0 robe
rPois   ∞          Reflect  +   (no helmet)
rElec   +          Harm     .   v - +0 cloak
rCorr   .          Rampage  .   (no gloves)
Will    .....                   (no boots)
Stlth   ++........              t - amulet of reflection
HPRegen 0.14/turn               b - ring of positive energy
MPRegen 0.16/turn               (no ring)

@: spiked
A: sickness immunity, AC +5, negative energy resistance 1, electricity
resistance, torment resistance 1, petrification resistance
a: no special abilities


You were on level 7 of the Dungeon.
You visited 2 branches of the dungeon, and saw 8 of its levels.
You also visited: Ossuary.

You collected 489 gold pieces.

Inventory:

Hand Weapons
 j - a +1 flail of freezing (weapon)
 p - a +0 whip of venom
Missiles
 d - 120 stones
Armour
 a - a +0 robe (worn)
 v - a +0 cloak (worn)
Magical Staves
 c - a staff of conjuration
 u - a staff of poison
Jewellery
 b - a ring of positive energy (left hand)
 o - a ring of flight
 t - an amulet of reflection (around neck)
Scrolls
 f - a scroll of teleportation
 k - a scroll of immolation
 y - a scroll of blinking
Potions
 e - 2 potions of flight
 g - 3 potions of degeneration
 i - 2 potions of lignification {unknown}
 l - 3 potions of heal wounds
 m - a potion of resistance {unknown}
 n - 2 potions of haste {unknown}
 r - 6 potions of curing {unknown}
 s - 3 potions of might {unknown}
 w - 2 potions of brilliance {unknown}
 x - 3 potions of attraction {unknown}
 z - a potion of cancellation {unknown}
 A - a potion of mutation {unknown}
 B - a potion of invisibility {unknown}


   Skills:
 + Level 0.6 Fighting
 + Level 2.2 Dodging
 - Level 2.1 Stealth
 * Level 6.9 Spellcasting
 * Level 5.4 Conjurations
 * Level 6.9 Fire Magic


You had 8 spell levels left.
You knew the following spells:

 Your Spells              Type           Power      Damage    Failure   Level
a - Foxfire               Conj/Fire      100%       2x1d9     1%          1
b - Scorch                Fire           58%        2d8       1%          2
c - Conjure Flame         Conj/Fire      26%        6-21      2%          3
d - Flame Wave            Conj/Fire      26%        2d7       9%          4
e - Blink                 Tloc           10%        N/A       19%         2

Your spell library contained the following spells:

 Spells                   Type           Power      Damage    Failure   Level
 Inner Flame              Hex/Fire       17%        N/A       9%          3
 Manifold Assault         Tloc           5%         N/A       97%         5
 Storm Form               Tmut/Air       2%         N/A       100%        7


Dungeon Overview and Level Annotations

Branches:
Dungeon (7/15)             Temple (1/1) D:7         Ossuary (visited)

Altars:
Ashenzari
Cheibriados
Dithmenos
Elyvilon
Fedhas
Gozag
Hepliaklqana
Kikubaaqudgha
Makhleb
Nemelex Xobeh
Okawaru
Qazlal
Ru
Sif Muna
Uskayaw
Wu Jian
Xom
Yredelemnul
The Shining One

Shops:
D:6 [


Innate Abilities, Weirdness & Mutations

You are immune to sickness and miasma.
Your stone body is resilient. (AC +5)
You are immune to poison.
You resist negative energy. (rN+)
You are resistant to electric shocks. (rElec)
You are resistant to unholy torment.
You are immune to petrification.


Message History

The manticore is heavily wounded.
The manticore flicks its tail.
The volley of spikes hits you!
The barbed spikes become lodged in your body.
* * * LOW HITPOINT WARNING * * *
The foxfire hits the ice beast!
The ice beast melts!
The ice beast is heavily wounded.
You feel much better.
The foxfire hits the ice beast.
The ice beast melts!
The ice beast is heavily wounded.
The manticore flicks its tail.
The volley of spikes hits you but does no damage.
Casting: Foxfire (safe; 1% risk of failure)
Confirm with . or Enter, or press ? or * to list all spells.
The spell is quite dangerous to miscast (10% risk of failure)!
Continue anyway?
Casting: Flame Wave (quite dangerous; 10% risk of failure)
Press: ? - help, Dir - look around, f - activate A wave of flame ripples out!
The flame wave engulfs the ice beast!
The ice beast melts!
You kill the ice beast! (Press . to intensify the flame waves.)
The manticore flicks its tail.
The volley of spikes hits you!
The barbed spikes become lodged in your body.
* * * LOW HITPOINT WARNING * * *
A wave of flame ripples out!
The flame wave engulfs the manticore!
The manticore is severely wounded.
Unknown command.
A wave of flame ripples out!
The flame wave engulfs the manticore.
The manticore is severely wounded.
You finish channelling waves of flame.
You block the manticore's attack. The manticore barely misses you. x2
Casting: Flame Wave (quite dangerous; 9% risk of failure)
Confirm with . or Enter, or press ? or * to list all spells.
Flames lash the manticore.
The manticore is almost dead.
The manticore's fire resistance burns away.
The manticore misses you. The manticore claws you!
* * * LOW HITPOINT WARNING * * *
The manticore claws you!
You die...

.......# ......# .....#
.... .. #############+#
..# ..#
............#.####'##...##
............#.............
.....)......#...H.........
...)........#...@.........
............#...##.##...##
'###.....#'##...##.# ####
...#.....#..)........
...#.....#...........
...#.....#.....(......
...#.....#......##.....
...#.....#......# ####
...#.....#.......+


You could see a manticore (combustible).

Vanquished Creatures
  An ice beast (D:7)
  A black bear (D:5)
  2 sky beasts
  2 ogres
  A phantom (D:5)
  A wyvern zombie (D:5)
  2 water moccasin zombies (D:5)
  3 wights (D:7)
  2 jellies (D:6)
  2 hounds
  An orc priest (D:3)
  A bullfrog skeleton (D:6)
  Natasha (twice) (D:4)
  3 iguanas
  2 orc wizards
  A scorpion zombie (D:5)
  A killer bee zombie (D:6)
  9 mummies
  6 gnolls (D:5)
  4 adders
  A shadow imp (D:6)
  A worm (D:3)
  11 orcs
  7 ball pythons
  6 bats
  7 endoplasms
  A giant cockroach (D:2)
  A gnoll zombie (Ossuary)
  11 goblins
  9 hobgoblins
  7 jackals
  10 kobolds
  7 quokkas
  3 frilled lizards
  6 kobold zombies (Ossuary)
  An orc zombie (Ossuary)
  2 rats
138 creatures vanquished.

Vanquished Creatures (others)
  508 foxfires
  A plant (D:6)
509 creatures vanquished.

Grand Total: 647 creatures vanquished

Notes
Turn   | Place    | Note
-------+----------+-------------------------------------------
     0 | D:1      | funkygono the Gargoyle Fire Elementalist began the quest
                  | for the Orb.
     0 | D:1      | Reached XP level 1. HP: 10/10 MP: 3/3
    27 | D:1      | You fall into a shaft and drop 1 floor!
   170 | D:1      | Reached XP level 2. HP: 15/15 MP: 0/5
   173 | D:1      | Learned a level 2 spell: Scorch
   541 | D:1      | Reached XP level 3. HP: 19/19 MP: 1/6
   545 | D:1      | Learned a level 3 spell: Conjure Flame
  1221 | D:1      | Found a faded altar of an unknown god.
  1712 | D:2      | Reached XP level 4. HP: 19/24 MP: 1/8
  2441 | D:3      | Reached XP level 5. HP: 28/28 MP: 2/10
  2785 | D:3      | Found a snail-covered altar of Cheibriados.
  2901 | D:3      | Found a burning altar of Makhleb.
  2907 | D:3      | Learned a level 4 spell: Flame Wave
  3301 | D:3      | Found an ornate altar of the Wu Jian Council.
  3883 | D:4      | Reached XP level 6. HP: 32/32 MP: 5/12
  4100 | D:4      | Noticed Natasha
  4105 | D:4      | Killed Natasha
  4109 | D:4      | Noticed Natasha
  4113 | D:4      | Killed Natasha
  4632 | D:5      | Entered Level 5 of the Dungeon
  4647 | D:5      | Found a sand-covered staircase.
  4655 | Ossuary  | Entered an ossuary
  5038 | Ossuary  | Reached XP level 7. HP: 36/36 MP: 10/14
  5226 | D:5      | Reached skill level 5 in Spellcasting
  5330 | D:5      | Reached skill level 5 in Fire Magic
  6017 | D:5      | Reached XP level 8. HP: 37/41 MP: 12/16
  6364 | D:5      | Learned a level 2 spell: Blink
  6447 | D:6      | Found Poclev's Antique Armour Emporium.
  6565 | D:6      | Reached skill level 5 in Conjurations
  7191 | D:7      | Found a staircase to the Ecumenical Temple.
  7196 | Temple   | Entered the Ecumenical Temple
  7499 | D:7      | Noticed a manticore
  7512 | D:7      | Slain by a manticore

Illustrated notes

Levels and vault maps discovered:
D:1:      roderic_crossed_star, layout_basic,
          shapermc_ecumenical_altar_totnotflames, minmay_hexomino_p4
D:2:      layout_loops_ring
D:3:      kennysheep_big_flooded_room, layout_basic, slow_altar_1,
          nicolae_wu_jian_glorious_leap, overflow_temple_1_default
D:4:      layout_loops_ring, dk_noncrumbling_3, minivault_24, uniq_natasha
D:5:      layout_gridville, nicolae_ossuary_entry_ruins
D:6:      layout_rooms, serial_shops, nicolae_shop_overgrown_old_shop
D:7:      kennysheep_spiral_hall, layout_gridville, zin_scriptorium,
          temple_statues
Temple:   kb_temple_of_zot

Skill      XL: |  1  2  3  4  5  6  7  8 |
---------------+-------------------------+-----
Spellcasting   | 3 4 5 6 |  6.9
Conjurations   | 2 3 4 5 |  5.4
Fire Magic     | 4 5 6 |  6.9
Dodging        | 2 |  2.2
Fighting       | |  0.6
Stealth        | |  2.1

Action                   |  1- 3 |  4- 6 |  7- 9 || total
-------------------------+-------+-------+-------++-------
Melee: Staff             |     2 |     1 |       ||     3
       Flail             |       |       |     8 ||     8
       Punch             |       |       |     1 ||     1
 Cast: Foxfire           |    65 |   123 |   110 ||   298
       Scorch            |     4 |     6 |    19 ||    29
       Flame Wave        |       |       |     1 ||     1
  Use: Scroll            |       |     8 |     5 ||    13
       Potion            |       |       |     1 ||     1
Armor: Robe              |     6 |     5 |     8 ||    19
Dodge: Dodged            |    14 |    12 |    22 ||    48
Block: Other             |       |     1 |     8 ||     9
